Map: Cyber Forest LE

Players

EbonCobra

  • Race: Protoss Protoss
  • League: Platinum
  • Spawn Location: 5:00

Spylacopa - Winner!

  • Race: Protoss Protoss
  • League: Platinum
  • Spawn Location: 11:00

VOD

Have the link to the VOD?

Description

Time

  • Played on: March 19, 2019, 6:23 p.m.
  • Length: 2:26
Show
View Real Time Build Order
Export as new Build Order

EbonCobra Protoss 

Build Orders:  

Get SALT Encoding   

  12  0:01  Probe  
  13  0:13  Probe  
  14  0:19  Pylon  
  14  0:27  Probe  
  15  0:39  Probe, Gateway  
  16  0:50  Probe  
  16  0:53  Assimilator  
  17  0:58  Probe  
  17  1:01  Assimilator  
  18  1:10  Gateway  
  18  1:14  Probe  
  19  1:22  Probe  
  19  1:28  Zealot  
  19  1:32  Probe  
Show
View Real Time Build Order
Export as new Build Order

Spylacopa Protoss - Winner!

Build Orders:  

Get SALT Encoding   

  12  0:09  Pylon  
  12  0:27  Forge  
  12  0:29  Probe  
  13  0:47  Pylon  
  13  1:11  Photon Cannon  
  13  1:14  Probe  
  14  1:22  Pylon  
  14  1:30  Probe  
  15  1:37  Pylon  
  15  1:44  Photon Cannon  
  14  1:56  Probe  
  15  2:08  Probe  
  16  2:11  Gateway  
Tags
 
Add a new tag
Caveats
  • Supply blocks, unpowered buildings, or Contaminate may cause inaccurate times.
  • Supply counts are checked every 10 seconds.